 Dungeon Crawl Stone Soup version 0.19-a0-684-gf760df0 (webtiles) character file.

373 Grim the Gusty (level 6, 0/32 HPs)
             Began as a Tengu Air Elementalist on June 18, 2016.
             Killed from afar by an orc wizard (3 damage)
             ... with a magic dart
             ... on level 4 of the Dungeon.
             The game lasted 00:16:29 (5546 turns).

Grim the Gusty (Tengu Air Elementalist)             Turns: 5546, Time: 00:16:29

Health: 0/32       AC:  2    Str:  8    XL:     6   Next: 71%
Magic:  0/10       EV: 12    Int: 23    God:
Gold:   157        SH:  0    Dex: 14    Spells: 2 memorised, 5 levels left

rFire  + . .     SeeInvis .     f - +0 spear
rCold  x . .     Gourm    .     a - +0 robe
rNeg   . . .     Faith    .     (no shield)
rPois  .         Spirit   .     (helmet restricted)
rElec  .         Dismiss  .     (no cloak)
rCorr  .         Reflect  .     (no gloves)
SustAt .         Harm     .     (boots unavailable)
MR     .....                    (no amulet)
Stlth  ++........               (no ring)
                                o - ring of fire

@: brilliant, not resistant to hostile enchantments, unstealthy
A: beak, talons 3, able to fly 1
a: Fly


You were on level 4 of the Dungeon.
You were not hungry.

You visited 1 branch of the dungeon, and saw 4 of its levels.

You collected 157 gold pieces.

Inventory:

Hand Weapons
 f - a +0 spear (weapon)
Missiles
 q - a throwing net (quivered)
Armour
 a - a +0 robe (worn)
Jewellery
 o - a ring of fire (left hand)
Scrolls
 e - a scroll of immolation {unknown}
 g - 2 scrolls of identify {unknown}
 h - a scroll of blinking {unknown}
 m - 2 scrolls of enchant armour {unknown}
 n - a scroll of teleportation {unknown}
 p - a scroll of recharging {unknown}
 r - a scroll of noise {unknown}
 s - a scroll of remove curse {unknown}
 u - a scroll of magic mapping {unknown}
 v - a scroll of fog {unknown}
Potions
 i - 2 potions of flight {unknown}
 j - 2 potions of curing {unknown}
 t - 2 potions of lignification {unknown}
 w - a potion of ambrosia {unknown}
 z - a potion of mutation {unknown}
Books
 b - a book of Air

   Spells                             Type                      Level
   a - Shock                          Conjuration/Air              1
   b - Swiftness                      Charms/Air                   2
   c - Repel Missiles                 Charms/Air                   2
   d - Static Discharge               Conjuration/Air              3
   e - Lightning Bolt                 Conjuration/Air              5
Comestibles
 c - 2 bread rations
 d - 3 meat rations
 l - 4 fruits


   Skills:
 - Level 2.1 Dodging
 - Level 2.0 Stealth
 - Level 2.0 Spellcasting
 + Level 6.2 Conjurations
 + Level 7.3 Air Magic


You had 5 spell levels left.
You knew the following spells:

 Your Spells              Type           Power        Failure   Level  Hunger
a - Shock                 Conj/Air       ####         1%          1    #......
b - Static Discharge      Conj/Air       #####...     1%          3    ###....


Dungeon Overview and Level Annotations

Branches:
Dungeon (4/15)
 Temple: D:4-7

Altars:
Ashenzari
Ru


Innate Abilities, Weirdness & Mutations

You have a beak for a mouth.
You have claws for feet.
You can fly.


Message History

Casting: Shock
Confirm with . or Enter, or press ? or * to list all spells.
You don't know that spell.
Casting: Shock
Confirm with . or Enter, or press ? or * to list all spells.
Aiming: Shock
Press: ? - help, Shift-Dir - straight line The zap hits something.
Reactivating autopickup.
You feel a bit more experienced. Something hits you.
* * * LOW HITPOINT WARNING * * *
Deactivating autopickup; reactivate with Ctrl-A.
You hit something. You claw something. Something hits you.
* * * LOW HITPOINT WARNING * * *
It was a potion of brilliance.
You feel clever all of a sudden.
You hear some strange, mumbled words.
A magic dart appears from out of thin air!
The magic dart hits you!
You die...

#o....# #.# #.....#
#.# #..o..# #.#
#..o..# #.. ###
###a### ### .. #.# #
#. ######.#
#.####......#
#.@{)..###########
######.# #......#
#.# #.####.##
######.####.#......
...............##.##
.#####.......####.#
#.####...###.## #.
#......... #.
#...###.#.


There were no monsters in sight!

Vanquished Creatures
  A hound (D:4)
  An orc priest (D:3)
  A giant frog skeleton (D:4)
  Terence (D:3)
  A worker ant (D:4)
  2 orc wizards
  4 gnolls (D:4)
  3 adders
  A worm (D:3)
  3 dart slugs
  5 giant geckos
  16 orcs
  7 bats
  3 giant cockroaches
  11 goblins
  12 hobgoblins
  3 ball pythons
  3 giant newts
  11 kobolds
  13 rats
102 creatures vanquished.

Notes
Turn   | Place    | Note
--------------------------------------------------------------
     0 | D:1      | Grim the Tengu Air Elementalist began the quest for the Orb.
     0 | D:1      | Reached XP level 1. HP: 10/10 MP: 4/4
   393 | D:1      | Reached XP level 2. HP: 15/15 MP: 4/6
  1211 | D:1      | Reached XP level 3. HP: 19/19 MP: 5/7
  1770 | D:2      | Reached skill level 5 in Air Magic
  2136 | D:2      | Reached XP level 4. HP: 24/24 MP: 3/8
  2598 | D:3      | Found a sacrificial altar of Ru.
  3405 | D:3      | Gained mutation: You can fly. [Tengu growth]
  3405 | D:3      | Reached XP level 5. HP: 9/28 MP: 0/9
  3772 | D:3      | Noticed Terence
  3801 | D:3      | Killed Terence
  3801 | D:3      | Reached skill level 6 in Air Magic
  3997 | D:3      | Learned a level 3 spell: Static Discharge
  4146 | D:3      | Reached skill level 5 in Conjurations
  4950 | D:4      | Reached XP level 6. HP: 32/32 MP: 8/10
  5029 | D:4      | Found a shattered altar of Ashenzari.
  5515 | D:4      | Reached skill level 7 in Air Magic
  5546 | D:4      | Killed from afar by an orc wizard

Vault maps used:
D:1:      sevenhm_arrival_forest_fort_small_6, serial_glass, glass_columns_c,
          glass_columns_b, st_stairs_4
D:2:      first_bread, st_stairs_10
D:3:      overflow_temple_1_default, uniq_terence
D:4:      kennysheep_little_box, lemuel_coloured_pillars_altar,
          ashenzari_conservatory_becter, serial_shops, nicolae_shop_crystal,
          hangedman_abyss_or_decor_lesser_grid

Skill      XL: |  1  2  3  4  5  6 |
---------------+-------------------+-----
Conjurations   | 2 3 4 5 6 |  6.2
Air Magic      | 5 6 7 |  7.3
Dodging        | |  2.1
Stealth        | |  2.0
Spellcasting   | |  2.0

Action                   |  1- 3 |  4- 6 || total
-------------------------+-------+-------++-------
Melee: Unarmed           |    12 |       ||    12
       Kick              |     3 |     8 ||    11
       Peck              |     1 |     5 ||     6
       Spear             |     9 |    57 ||    66
 Cast: Shock             |    91 |   106 ||   197
       Static Discharge  |       |     6 ||     6
  Use: Potion            |       |     1 ||     1
 Stab: Sleeping          |       |     2 ||     2
       Distracted        |       |     1 ||     1
  Eat: Chunk             |     5 |    11 ||    16
       Bread ration      |       |     1 ||     1
Armor: Robe              |    18 |     7 ||    25
Dodge: Dodged            |    36 |    53 ||    89
